 Dungeon Crawl Stone Soup version 0.28.0 (webtiles) character file.

Game seed: 11769599780353287708

2087 jjjjhere the Grappler (level 9, 0/82 (85) HPs)
             Began as a Troll Arcane Marksman on Feb 17, 2022.
             Was a Believer of Okawaru.
             Slain by an ogre (21 damage)
             ... on level 6 of the Dungeon.
             The game lasted 00:07:24 (3469 turns).

jjjjhere the Grappler (Troll Arcane Marksman)       Turns: 3469, Time: 00:07:25

HP:   0/82 (85)     AC:  6    Str: 22    XL:     9   Next: 6%
MP:   19/19         EV:  9    Int:  9    God:    Okawaru [**....]
Gold: 227           SH:  0    Dex: 12    Spells: 9/10 levels left

rFire   . . .      SeeInvis .     - Unarmed
rCold   . . .      Faith    .   (no shield)
rNeg    . . .      Spirit   .   r - +0 troll leather armour {Pargi}
rPois   .          Reflect  .   (helmet restricted)
rElec   .          Harm     .   (no cloak)
rCorr   +          Rampage  .   (gloves unavailable)
Will    .....                   (boots unavailable)
Stlth   +.........              (no amulet)
HPRegen 1.83/turn               i - ring of resist corrosion
MPRegen 0.16/turn               j - ring of magical power

@: lightly drained
A: large, unfitting armour, claws 3, regeneration 1, shaggy fur 1, tough skin 1
a: Renounce Religion, Heroism


You were on level 6 of the Dungeon.
You worshipped Okawaru.
Okawaru was pleased with you.
You visited 2 branches of the dungeon, and saw 7 of its levels.

You collected 227 gold pieces.

Inventory:

Missiles
 b - 2 large rocks (quivered)
 c - 2 throwing nets
 m - 4 javelins
 v - 5 boomerangs
Armour
 a - a +0 robe
 r - a +0 troll leather armour (worn) {Pargi}
Jewellery
 g - a ring of fire
 i - a ring of resist corrosion (left claw)
 j - a ring of magical power (right claw)
 u - a ring of fire
Scrolls
 e - 3 scrolls of amnesia {unknown}
 h - a scroll of fog
 n - 3 scrolls of magic mapping {unknown}
Potions
 d - a potion of cancellation {unknown}
 f - 3 potions of attraction
 k - 3 potions of curing
 l - a potion of haste
 o - 2 potions of heal wounds
 p - a potion of ambrosia {unknown}
 q - a potion of lignification {unknown}
 s - 3 potions of flight {unknown}
 t - 3 potions of mutation {unknown}


   Skills:
 - Level 4.4 Fighting
 + Level 2.4 Throwing
 - Level 1.5 Dodging
 * Level 9.7 Unarmed Combat
 - Level 1.0 Spellcasting
 - Level 2.0 Hexes
 - Level 3.1 Invocations


You had 9 spell levels left.
You knew the following spells:

 Your Spells              Type           Power      Damage    Failure   Level
a - Slow                  Hex            16%        N/A       19%         1

Your spell library contained the following spells:

 Spells                   Type           Power      Damage    Failure   Level
 Magic Dart               Conj           0%         1d3       38%         1
 Ensorcelled Hibernation  Hex/Ice        4%         N/A       38%         2
 Passwall                 Tmut/Erth      0%         N/A       54%         2
 Searing Ray              Conj           0%         2d4       54%         2
 Inner Flame              Hex/Fire       2%         N/A       63%         3
 Portal Projectile        Hex/Tloc       4%         N/A       63%         3
 Conjure Flame            Conj/Fire      0%         6-21      77%         3
 Ignite Poison            Fire/Tmut/Pois 0%         N/A       77%         3
 Mephitic Cloud           Conj/Pois/Air  0%         N/A       77%         3
 Swiftness                Air            0%         N/A       77%         3
 Cause Fear               Hex            2%         N/A       88%         4
 Fulminant Prism          Conj/Hex       1%         3d6       95%         4
 Leda's Liquefaction      Hex/Erth       1%         N/A       95%         4
 Sticky Flame             Conj/Fire      0%         2d3       99%         4
 Call Imp                 Summ           Unusable   N/A       N/A         2
 Call Canine Familiar     Summ           Unusable   N/A       N/A         3

Dungeon Overview and Level Annotations

Branches:
Dungeon (6/15)             Temple (1/1) D:4

Altars:
Cheibriados
Gozag
Hepliaklqana
Nemelex Xobeh
Okawaru
Qazlal
Ru
Sif Muna
Trog
Vehumet
Wu Jian


Innate Abilities, Weirdness & Mutations

You are too large for most types of armour.
You have claws for hands.
Your natural rate of healing is unusually fast.
You are covered in fur. (AC +1)
You have tough skin. (AC +1)


Message History

The wight hits you with a +0 long sword!
You feel drained.
You claw the wight!
The wight is almost destroyed.
The ogre hits you with a +0 giant club!!
The wight hits you but does no damage.
You scratch the ogre.
The ogre is lightly wounded.
The wight hits you with a +0 long sword!
You feel drained.
The ogre hits you with a +0 giant club!!
* * * LOW HITPOINT WARNING * * *
You gain the combat prowess of a mighty hero.
You claw the wight!
You destroy the wight!
Okawaru accepts your kill.
Throw: 3 large rocks
Press: ? - help, Q - select action, (/) - cycle Shift-Dir - straight line, f - ogre
Aim: an ogre, wielding a +0 giant club (lightly wounded, 78% to hit)
You throw a large rock. The large rock hits the ogre!!
The ogre is severely wounded.
You closely miss the ogre.
The ogre is severely wounded.
You feel like a meek peon again. The ogre hits you with a +0 giant club!
* * * LOW HITPOINT WARNING * * *
You scratch the ogre but do no damage.
The ogre is severely wounded.
The ogre hits you with a +0 giant club.
* * * LOW HITPOINT WARNING * * *
You barely miss the ogre.
The ogre is severely wounded.
The wight hits you with a +1 long sword.
* * * LOW HITPOINT WARNING * * *
You scratch the ogre but do no damage.
The ogre is severely wounded.
The wight hits you with a +3 scimitar.
* * * LOW HITPOINT WARNING * * *
The ogre hits you with a +0 giant club!!
You die...

##......## ##........##
#..........# #..........#
#######......)...#
......#.###.###..###
.......##.z...##(..##
......z#.8O..8.#Oz..##
.......#.z.....#@z...# .
#z....._.........# ..
####.......#.....#
#######.. #.8...8.#.....#
#........ ##.....##.....#
#........
###.###.....#####........
.........)..##..........
..................#.#...
...(........####.#...##


You could see an ogre and 2 wights.

Vanquished Creatures
  Grinder (D:4)
  Sigmund (D:3)
  Menkaure (D:6)
  A water moccasin (D:5)
  Pargi (D:4)
  An ogre (D:5)
  A necrophage (D:4)
  A wyvern zombie (D:6)
  A gnoll sergeant (D:4)
  4 scorpions
  2 water moccasin zombies
  A wyvern skeleton (D:5)
  A wight (D:6)
  2 centaur zombies
  3 hounds
  A centaur skeleton (D:4)
  3 gnoll shamans
  Terence (D:3)
  Jessica (D:2)
  An iguana (D:6)
  An orc wizard (D:3)
  Natasha (twice) (D:3)
  A mummy (D:4)
  13 gnolls
  5 adders
  2 ufetubi
  A worm (D:5)
  4 orcs
  6 ball pythons
  2 endoplasms
  7 giant cockroaches
  6 goblins
  3 hobgoblins (D:1)
  6 quokkas
  10 bats
  2 frilled lizards
  7 kobolds
  2 rats
109 creatures vanquished.

Notes
Turn   | Place    | Note
-------+----------+-------------------------------------------
     0 | D:1      | jjjjhere the Troll Arcane Marksman began the quest for the
                  | Orb.
     0 | D:1      | Reached XP level 1. HP: 18/18 MP: 1/1
   120 | D:1      | Reached skill level 1 in Fighting
   142 | D:1      | Reached skill level 1 in Unarmed Combat
   264 | D:1      | Reached XP level 2. HP: 26/27 MP: 2/2
   679 | D:2      | Reached skill level 2 in Unarmed Combat
   679 | D:2      | Reached XP level 3. HP: 33/33 MP: 3/3
   843 | D:2      | Noticed Jessica
   854 | D:2      | Killed Jessica
  1075 | D:3      | Reached XP level 4. HP: 42/42 MP: 4/4
  1081 | D:3      | Reached skill level 3 in Unarmed Combat
  1107 | D:3      | Noticed a scorpion
  1114 | D:3      | Killed a scorpion
  1205 | D:3      | You fall into a shaft and drop 1 floor!
  1208 | D:3      | Noticed Natasha
  1229 | D:3      | Reached XP level 5. HP: 47/49 MP: 5/5
  1232 | D:3      | Killed Natasha
  1233 | D:3      | Reached skill level 4 in Unarmed Combat
  1318 | D:3      | Found a faded altar of an unknown god.
  1401 | D:3      | Prayed at the altar of an unknown god.
  1401 | D:3      | Became a worshipper of Qazlal Stormbringer
  1401 | D:3      | Reached * piety under Qazlal
  1473 | D:3      | Noticed Sigmund
  1474 | D:3      | Noticed Natasha
  1481 | D:3      | Killed Natasha
  1491 | D:3      | Killed Sigmund
  1492 | D:3      | Reached skill level 5 in Unarmed Combat
  1492 | D:3      | Reached XP level 6. HP: 59/61 MP: 6/6
  1580 | D:3      | Noticed Terence
  1594 | D:3      | Killed Terence
  1778 | D:4      | Found a staircase to the Ecumenical Temple.
  1789 | Temple   | Entered the Ecumenical Temple
  1807 | Temple   | Fell from the grace of Qazlal
  1807 | Temple   | Became a worshipper of Warmaster Okawaru
  1941 | D:4      | Reached XP level 7. HP: 67/67 MP: 7/7
  1953 | D:4      | Noticed Pargi
  1958 | D:4      | Killed Pargi
  1959 | D:4      | Reached skill level 6 in Unarmed Combat
  2052 | D:4      | Found a sparkling altar of Nemelex Xobeh.
  2232 | D:4      | Noticed Grinder
  2234 | D:4      | Paralysed by Grinder for 7 turns
  2245 | D:4      | Paralysed by Grinder for 7 turns
  2257 | D:4      | Paralysed by Grinder for 4 turns
  2261 | D:4      | Killed Grinder
  2261 | D:4      | Reached * piety under Okawaru
  2262 | D:4      | Reached skill level 7 in Unarmed Combat
  2388 | D:4      | Reached XP level 8. HP: 79/79 MP: 8/8
  2443 | D:4      | Found a snail-covered altar of Cheibriados.
  2589 | D:5      | Entered Level 5 of the Dungeon
  2839 | D:5      | Reached skill level 1 in Invocations
  2852 | D:5      | Reached skill level 8 in Unarmed Combat
  3018 | D:5      | HP: 26/79 [water moccasin (1)]
  3022 | D:5      | Reached ** piety under Okawaru
  3023 | D:5      | HP: 16/79 [poisoned by a water moccasin]
  3260 | D:5      | Reached skill level 9 in Unarmed Combat
  3360 | D:6      | Found a shimmering blue altar of Sif Muna.
  3369 | D:6      | Noticed Menkaure
  3377 | D:6      | Killed Menkaure
  3378 | D:6      | Reached XP level 9. HP: 76/85 MP: 10/10
  3428 | D:6      | Found an opulent altar of Gozag.
  3450 | D:6      | HP: 8/81 [ogre (28)]
  3466 | D:6      | HP: 24/82 [ogre (13)]
  3469 | D:6      | Slain by an ogre

Illustrated notes

Levels and vault maps discovered:
D:1:      dpeg_arrival_simpleton_c, layout_loops_ring
D:2:      layout_rooms, uniq_jessica
D:3:      layout_rooms, chequers_ecumenical_altar_lobes, uniq_sigmund,
          uniq_terence, uniq_natasha
D:4:      layout_rooms, slow_altar_2, kennysheep_little_box, temple_green,
          serial_rivers, chequers_serial_rivers_large_b,
          chequers_serial_rivers_micro_b, chequers_serial_rivers_micro_b,
          chequers_serial_rivers_small_a, chequers_serial_rivers_micro_b,
          uniq_grinder, uniq_pargi
D:5:      layout_cave_pools, serial_park, serial_park_paths
          [serial_park_minivault_5x5_8], serial_park_avenue1,
          mrwooster_statue_mirror, kennysheep_generic_room_12
D:6:      layout_rooms, grunt_gozag_statues, doesnt_xom_only_xom,
          overflow_temple_1_default, minmay_misc_feat_alley, uniq_menkaure
Temple:   compressed_dpeg_triangle_lava_temple

Skill      XL: |  1  2  3  4  5  6  7  8 |
---------------+-------------------------+-----
Fighting       | 1 2 3 4 |  4.4
Unarmed Combat | 1 2 3 5 7 9 |  9.7
Invocations    | 3 |  3.1
Throwing       | 2 |  2.4
Dodging        | |  1.5
Spellcasting   | |  1.0
Hexes          | |  2.0

Action                   |  1- 3 |  4- 6 |  7- 9 || total
-------------------------+-------+-------+-------++-------
Melee: Unarmed           |    82 |   103 |   161 ||   346
       Punch             |     2 |     4 |     3 ||     9
Throw: Large rock        |       |     5 |     9 ||    14
Invok: Heroism           |       |       |     2 ||     2
  Use: Scroll            |       |       |     8 ||     8
Armor: Robe              |    30 |    30 |     2 ||    62
       Troll leather arm |       |       |    35 ||    35
Dodge: Dodged            |    51 |    45 |    64 ||   160
Block: Other             |       |     2 |       ||     2
